 Dungeon Crawl Stone Soup version 0.21.0-37-g46506fa5f3 (webtiles) character file.

2446 Mordekainen the Thaumaturge (level 9, -1/45 HPs)
             Began as a Deep Elf Wizard on Feb 1, 2018.
             Was a Follower of Vehumet.
             Shot with a sling bullet by Joseph (22 damage)
             ... on level 7 of the Dungeon.
             The game lasted 00:34:51 (7294 turns).

Mordekainen the Thaumaturge (Deep Elf Wizard)       Turns: 7294, Time: 00:34:52

Health: -1/45      AC:  3    Str:  4    XL:     9   Next: 25%
Magic:  16/23      EV: 13    Int: 27    God:    Vehumet [*.....]
Gold:   258        SH:  0    Dex: 13    Spells: 12/24 levels left

rFire    . . .     SeeInvis +   D - +4 quarterstaff (chaos)
rCold    . . .     Gourm    .   (shield currently unavailable)
rNeg     . . .     Faith    +   a - +0 robe
rPois    .         Spirit   .   v - +0 helmet {SInv}
rElec    .         Reflect  .   (no cloak)
rCorr    .         Harm     .   (no gloves)
MR       .....                  (no boots)
Stlth    ++........             o - amulet of faith
HPRegen  0.15/turn              (no ring)
MPRegen  0.18/turn              (no ring)

@: no status effects
A: no striking features
a: Renounce Religion


You were on level 7 of the Dungeon.
You worshipped Vehumet.
Vehumet was aware of your devotion.
You were not hungry.

You visited 2 branches of the dungeon, and saw 8 of its levels.

You collected 258 gold pieces.

Inventory:

Hand Weapons
 r - a +0 blowgun
 D - a +4 quarterstaff of chaos (weapon)
Missiles
 p - 29 poisoned needles
Armour
 a - a +0 robe (worn)
 b - a +0 hat
 v - a +0 helmet of see invisible (worn)
 E - a +0 leather armour of cold resistance
 G - a +1 helmet
Jewellery
 o - an amulet of faith (around neck)
Wands
 s - a wand of disintegration (3)
 w - a wand of acid (6)
 y - a wand of flame (13)
 H - a wand of polymorph (7)
Scrolls
 h - 4 scrolls of noise {unknown}
 i - 6 scrolls of remove curse {unknown}
 j - a scroll of fear {unknown}
 k - 7 scrolls of identify {unknown}
 l - 3 scrolls of amnesia {unknown}
 m - a scroll of magic mapping {unknown}
 n - a scroll of enchant weapon {unknown}
 q - 5 scrolls of teleportation {unknown}
 B - a scroll of immolation {unknown}
 F - a scroll of fog {unknown}
Potions
 e - 3 potions of curing
 f - a potion of haste {unknown}
 g - 2 potions of lignification {unknown}
 t - a potion of berserk rage {unknown}
 u - 2 potions of agility {unknown}
 x - 2 potions of heal wounds {unknown}
 z - a potion of might {unknown}
 A - a potion of flight {unknown}
 C - a potion of magic {unknown}
Books
 c - a book of Minor Magic

   Spells                             Type                      Level
   a - Magic Dart                     Conjuration                  1
   b - Blink                          Translocation                2
   c - Call Imp                       Summoning                    2
   d - Slow                           Hexes                        2
   e - Conjure Flame                  Conjuration/Fire             3
   f - Mephitic Cloud                 Conjuration/Poison/Air       3
Comestibles
 d - 18 rations


   Skills:
 - Level 2.6 Dodging
 - Level 2.4 Stealth
 + Level 8.0 Spellcasting
 * Level 7.1 Conjurations
 + Level 4.6 Summonings
 + Level 4.7 Translocations
 + Level 4.2 Fire Magic
 + Level 3.9 Air Magic
 + Level 4.0 Poison Magic


You had 12 spell levels left.
You knew the following spells:

 Your Spells              Type           Power        Failure   Level  Hunger
a - Magic Dart            Conj           ####         1%          1    None
b - Blink                 Tloc           N/A          1%          2    None
c - Call Imp              Summ           #####...     1%          2    None
d - Conjure Flame         Conj/Fire      #####...     1%          3    None
e - Mephitic Cloud        Conj/Pois/Air  #####...     1%          3    None
f - Shock                 Conj/Air       ####         1%          1    None


Dungeon Overview and Level Annotations

Branches:
Dungeon (7/15)             Temple (1/1) D:6

Altars:
Ashenzari
Gozag
Hepliaklqana
Makhleb
Qazlal
Trog
Vehumet
Wu Jian
Xom
Yredelemnul
Zin

Annotations:
D:7 Joseph


Message History

The arrow hits your crimson imp! Joseph hits you but does no damage.
Your shadow imp closely misses Joseph.
Your crimson imp closely misses Joseph.
A centaur comes into view. It is wielding a shortbow.
You hit Joseph.
Joseph is poisoned.
Joseph is moderately wounded.
The centaur shoots an arrow.
The arrow barely misses your crimson imp.
The arrow hits you! Joseph misses you.
Your shadow imp closely misses Joseph.
Your crimson imp hits Joseph.
The centaur shoots an arrow.
The arrow hits your crimson imp!
Your crimson imp dies!
Your shadow imp hits Joseph.
Joseph unwields an uncursed quarterstaff of crushing.
Joseph wields a hunting sling.
Joseph shoots a sling bullet.
The sling bullet closely misses you.
There is a stone staircase leading up here.
The centaur shoots an arrow.
The arrow hits your shadow imp.
Your shadow imp hits Joseph.
Joseph shoots a sling bullet.
The sling bullet hits you!!
You die...

#........# #..>.....#
######## #........#
##......## #####..###
##........## #..#
#(.........##### ##
#..#####..............#
.#
##.†..##.....(....#####
.# ##.#.##..........# .#
#.#.##....@.....# .#
#...###....((5.## .#
###†##......@...# >#
#.##...........c# .#
#.##..........#.. .##
#####†##..<.......###.
..###..............>..#
..........(...........<
..###...................


You could see Joseph, a centaur and a friendly shadow imp.

Vanquished Creatures
  A hippogriff (D:7)
  3 hogs (D:7)
  A human (D:7)
  A yak (D:7)
  The ghost of Stone the Shield-Bearer, an amateur FoFi (D:4)
  Menkaure (D:5)
  An eye of draining (D:4)
  2 ice beasts
  A centaur (D:6)
  A scorpion (D:6)
  2 howler monkeys
  A crimson imp (D:6)
  2 orc wizards (D:4)
  Crazy Yiuf (D:5)
  A centaur skeleton (D:6)
  3 orc priests
  A bullfrog skeleton (D:7)
  2 jellies
  5 iguanas
  Ijyb (D:5)
  Natasha (thrice) (D:3)
  8 worker ants
  A worker ant zombie (D:6)
  6 adders
  A shadow imp (D:6)
  An adder skeleton (D:4)
  4 worms
  3 dart slugs
  4 leopard geckos
  11 orcs
  2 ball pythons
  9 bats
  8 giant cockroaches
  7 goblins
  2 hobgoblins
  6 jackals
  6 frilled lizards
  5 kobolds
  9 rats
128 creatures vanquished.

Vanquished Creatures (collateral kills)
  An orc wizard (D:3)
  A worker ant (D:6)
  A worm (D:1)
  2 orcs (D:3)
  A kobold (D:3)
  A rat (D:3)
7 creatures vanquished.

Grand Total: 135 creatures vanquished

Notes
Turn   | Place    | Note
-------+----------+-------------------------------------------
     0 | D:1      | Mordekainen the Deep Elf Wizard began the quest for the Orb.
     0 | D:1      | Reached XP level 1. HP: 10/10 MP: 7/7
   162 | D:1      | Reached XP level 2. HP: 15/15 MP: 6/9
   209 | D:1      | Reached skill level 5 in Spellcasting
   431 | D:1      | Learned a level 2 spell: Blink
   434 | D:1      | Learned a level 2 spell: Call Imp
   858 | D:2      | Reached XP level 3. HP: 19/19 MP: 8/11
  1195 | D:2      | Learned a level 3 spell: Conjure Flame
  1199 | D:2      | Learned a level 3 spell: Mephitic Cloud
  1345 | D:3      | Reached XP level 4. HP: 24/24 MP: 7/13
  1979 | D:3      | Noticed Natasha
  1995 | D:3      | Reached XP level 5. HP: 26/28 MP: 2/15
  2084 | D:3      | Reached skill level 6 in Spellcasting
  2168 | D:3      | Noticed a hungry ghost
  2323 | D:3      | Killed Natasha
  2337 | D:3      | Noticed Natasha
  2345 | D:3      | Killed Natasha
  2345 | D:3      | Reached skill level 1 in Fire Magic
  2345 | D:3      | Reached skill level 1 in Air Magic
  2345 | D:3      | Reached skill level 1 in Poison Magic
  2450 | D:4      | Noticed Stone's ghost (amateur FoFi)
  2469 | D:3      | Noticed Natasha
  2474 | D:3      | Killed Natasha
  2586 | D:4      | Reached XP level 6. HP: 32/32 MP: 6/17
  2660 | D:4      | Found an opulent altar of Gozag.
  2827 | D:5      | Entered Level 5 of the Dungeon
  3035 | D:4      | Found a shattered altar of Ashenzari.
  3251 | D:4      | Killed Stone's ghost
  3408 | D:4      | Reached XP level 7. HP: 22/36 MP: 8/18
  3631 | D:4      | Found a stormy altar of Qazlal.
  3649 | D:5      | Noticed Ijyb
  3679 | D:5      | Noticed Menkaure
  4480 | D:5      | Killed Ijyb
  5077 | D:5      | Killed Menkaure
  5077 | D:5      | Reached skill level 5 in Conjurations
  5129 | D:5      | Found a runed door.
  5133 | D:5      | Noticed Crazy Yiuf
  5140 | D:5      | Killed Crazy Yiuf
  5450 | D:6      | Reached XP level 8. HP: 41/41 MP: 16/20
  5459 | D:6      | Reached skill level 7 in Spellcasting
  5557 | D:6      | Found a staircase to the Ecumenical Temple.
  5566 | Temple   | Entered the Ecumenical Temple
  5577 | Temple   | Became a worshipper of Vehumet
  6033 | D:6      | Noticed a moth of wrath
  6035 | D:6      | Found a bloodstained altar of Trog.
  6774 | D:7      | Reached * piety under Vehumet
  6774 | D:7      | Offered knowledge of Shock by Vehumet.
  6779 | D:7      | Learned a level 1 spell: Shock
  6851 | D:7      | Reached XP level 9. HP: 38/45 MP: 1/22
  7145 | D:7      | Reached skill level 8 in Spellcasting
  7276 | D:7      | Noticed Joseph
  7294 | D:7      | Shot with a sling bullet by Joseph

Skill      XL: |  1  2  3  4  5  6  7  8  9 |
---------------+----------------------------+-----
Spellcasting   | 5 6 7 8 |  8.0
Conjurations   | 2 3 4 5 6 7 |  7.1
Summonings     | 2 3 4 |  4.6
Translocations | 2 3 4 |  4.7
Fire Magic     | 1 2 4 |  4.2
Air Magic      | 1 2 3 |  3.9
Poison Magic   | 1 2 3 4 |  4.0
Dodging        | |  2.6
Stealth        | |  2.4

Action                   |  1- 3 |  4- 6 |  7- 9 || total
-------------------------+-------+-------+-------++-------
Melee: Quarterstaff      |       |       |    31 ||    31
 Fire: Blowgun           |       |    60 |    27 ||    87
 Cast: Magic Dart        |    91 |   108 |   177 ||   376
       Call Imp          |     2 |    12 |    17 ||    31
       Mephitic Cloud    |       |     8 |    17 ||    25
       Conjure Flame     |       |     5 |    13 ||    18
       Blink             |       |     5 |    11 ||    16
       Shock             |       |       |     8 ||     8
Evoke: Wand              |       |     4 |     6 ||    10
  Use: Potion            |       |       |     1 ||     1
  Eat: Chunk             |     1 |     6 |    12 ||    19
Armor: Robe              |     2 |     1 |     5 ||     8
Dodge: Dodged            |     7 |     8 |    26 ||    41
